 Dungeon Crawl Stone Soup version 0.32-a0-928-g1cae6b7ea0 (webtiles) character file.

Game seed: 18391558076544310004

3310 Daunt the Cleaver (level 10, 0/75 (76) HPs)
             Began as a Coglin Fighter on Apr 12, 2024.
             Was an Initiate of Wu Jian.
             Slain by a wyvern (4 damage)
             ... on level 7 of the Dungeon on Apr 13, 2024.
             The game lasted 00:24:51 (6705 turns).

Daunt the Cleaver (Coglin Fighter)                  Turns: 6705, Time: 00:24:52

HP:   0/75 (76)     AC: 18    Str: 20    XL:     10   Next: 1%
MP:   10/10         EV:  7    Int:  8    God:    Wu Jian [......]
Gold: 290           SH:  0    Dex: 14    Spells: 9/9 levels left

rFire   + . .        i - +0 broad axe {Zoran}
rCold   . . .        z - +0 war axe {Lin}
rNeg    . . .        h - +3 chain mail {rF+}
rPois   .            o - +0 helmet
rElec   .            t - +2 cloak {Stlth+}
rCorr   .            F - +0 pair of gloves
SInv    .            (no boots)
Will    .....        (amulet unavailable) Stlth
                     (ring unavailable)
HPRegen 0.32/turn    (ring unavailable)
MPRegen 0.12/turn    (no gizmo)

%: no passive effects
@: lightly drained, revving
A: off-hand wielding, slow wielding, warmup strikes, no jewellery
a: Invent Gizmo, Renounce Religion


You were on level 7 of the Dungeon.
You worshipped Wu Jian.
Wu Jian was noncommittal.
You visited 2 branches of the dungeon, and saw 9 of its levels.

You collected 477 gold pieces.
You spent 187 gold pieces at shops.

Inventory:

Hand Weapons
 i - a +0 broad axe (weapon) {Zoran}
 z - a +0 war axe (offhand) {Lin}
 G - a +2 dagger of speed
Missiles
 e - 4 atropa-tipped darts
 f - 90 stones
 p - 2 throwing nets (quivered)
 u - 3 boomerangs
 C - 7 poisoned darts
Armour
 a - a +0 chain mail of cold resistance
 h - a +3 chain mail of fire resistance (worn)
 o - a +0 helmet (worn)
 t - a +2 cloak of stealth (worn)
 F - a +0 pair of gloves (worn)
Wands
 B - a wand of paralysis (19)
Scrolls
 g - 2 scrolls of fog {unknown}
 j - 3 scrolls of teleportation
 k - a scroll of enchant weapon {unknown}
 l - 2 scrolls of amnesia {unknown}
 m - 4 scrolls of revelation
 q - a scroll of brand weapon {unknown}
 r - a scroll of torment {unknown}
 s - a scroll of vulnerability {unknown}
 y - a scroll of silence {unknown}
 H - a scroll of enchant armour {unknown}
Potions
 b - a potion of attraction
 c - 2 potions of haste
 d - 2 potions of might
 n - 2 potions of heal wounds
 v - a potion of resistance {unknown}
 w - a potion of berserk rage {unknown}
 x - 6 potions of curing
 A - a potion of invisibility
 D - 3 potions of enlightenment
 E - a potion of lignification {unknown}


   Skills:
 + Level 5.9 Fighting
 * Level 11.6 Axes
 - Level 4.2 Armour
 - Level 1.3 Dodging
 - Level 2.1 Shields
 * Level 4.9 Evocations


You had 9 spell levels left.
You didn't know any spells.
Your spell library contained the following spells:

 Spells                   Type           Power      Damage    Failure   Level
 Apportation              Tloc           0%         N/A       97%         1
 Necrotise                Necr           0%         1d4       97%         1
 Sting                    Conj/Alch      0%         1d3       97%         1
 Summon Small Mammal      Summ           0%         N/A       97%         1
 Cigotuvi's Dreadful Rot  Necr/Alch/Air  0%         N/A       99%         2
 Ensorcelled Hibernation  Hex/Ice        0%         N/A       99%         2
 Static Discharge         Conj/Air       0%         3-3/arc   99%         2
 Sublimation of Blood     Necr           0%         N/A       99%         2
 Fugue of the Fallen      Necr           0%         N/A       100%        3
 Inner Flame              Hex/Fire       0%         N/A       100%        3
 Airstrike                Air            0%         2d(0-16)  100%        4
 Anguish                  Hex/Necr       0%         N/A       100%        4
 Flame Wave               Conj/Fire      0%         2d4       100%        4
 Ignite Poison            Fire/Alch      0%         N/A       100%        4
 Sticky Flame             Fire/Alch      0%         2d4       100%        4
 Summon Lightning Spire   Summ/Air       0%         N/A       100%        4
 Freezing Cloud           Conj/Ice/Air   0%         6-21      100%        5
 Infestation              Necr           0%         N/A       100%        8


Dungeon Overview and Level Annotations

Branches:
Dungeon (8/15)             Temple (1/1) D:7
   Lair: D:8-11

Altars:
Ashenzari
Cheibriados
Dithmenos
Elyvilon
Fedhas
Gozag
Hepliaklqana
Kikubaaqudgha
Makhleb
Nemelex Xobeh
Okawaru
Qazlal
Ru
Sif Muna
Trog
Wu Jian
Xom
Yredelemnul
Zin
The Shining One
Lugonu

Shops:
D:4 !

Portals:
Abyss: D:4

Annotations:
D:4 3 runed translucent doors, Lemonizer's ghost, amateur CoHs
D:8 3 runed translucent doors


Innate Abilities, Weirdness & Mutations

You can wield a second weapon in your off-hand.
It takes a long time for you to wield or remove held weapons.
Your first few attacks do less damage.
You cannot equip rings or amulets.


Message History

The wyvern attacks as it pursues you!
The wyvern bites you but does no damage.
An orc wizard comes into view. It is wielding a +0 dagger.
The wyvern bites you.
The orc wizard moves out of view.
The wyvern attacks as it pursues you! The wyvern barely misses you.
The wyvern closely misses you. The wyvern attacks as it pursues you!
The wyvern barely misses you. The wyvern bites you!
There is an escape hatch in the ceiling, spattered with blood here.
The wyvern bites you!
* * * LOW HITPOINT WARNING * * *
A mysterious force pulls you upwards. The hatch slams shut behind you.
You closely miss the wyvern with your +0 broad axe.
The wyvern is severely wounded.
You hit the wyvern with your +0 war axe.
The wyvern bites you.
* * * LOW HITPOINT WARNING * * *
The wyvern bites you!
* * * LOW HITPOINT WARNING * * *
You closely miss the wyvern with your +0 war axe.
The wyvern is almost dead.
You hit the wyvern but do no damage. The wyvern barely misses you.
Okay, then.
Unknown command.
Unknown command.
Throw: 2 throwing nets
Press: ? - help, Shift-Dir - straight line, f - wyvern
Aim: a wyvern (almost dead, 57% to hit)
Okay, then.
Unknown command.
Unknown command.
Press: ? - help, v - describe, . - travel
Here: a wyvern (almost dead)
The floor.
Unknown command.
You hit the wyvern but do no damage.
The wyvern is almost dead.
You closely miss the wyvern with your +0 war axe.
The wyvern bites you.
You die...

#...#..............#...
#...###............##..
###.................###.
##.#.................#...
#..................#.....
##..#....#......####.....
####..###......####.....
#......k........##.....
#..##.@................
##.....#.....###.......
##....#<.[...####.###.
##.......[.........# #.
#.....)....##......####
##.....###[#####...##.# ###
###..........#.)......
##.####....###.....[.#....#
#...#.......####.|[#[##.#..


You could see a wyvern.

Vanquished Creatures
  2 wyverns (D:6)
  2 water moccasins
  2 sky beasts
  3 orc warriors
  An ice beast (D:4)
  2 black bears (D:5)
  2 ogres
  A phantom (D:5)
  2 bullfrogs
  3 scorpions
  A gnoll sergeant (D:6)
  7 wights
  A howler monkey (D:5)
  2 bombardier beetles
  2 jellies
  3 orc priests
  7 iguanas
  Ijyb (D:5)
  8 orc wizards
  A hound zombie (D:3)
  11 gnolls
  13 adders
  A shadow imp (D:5)
  A white imp (D:8)
  2 ufetubi (D:5)
  2 adder zombies (D:3)
  5 ribbon worms
  6 dart slugs
  22 orcs
  10 bats
  6 endoplasms
  6 giant cockroaches
  7 goblins
  14 hobgoblins
  2 jackals (D:2)
  4 quokkas
  12 ball pythons
  4 frilled lizards
  9 kobolds
  7 rats
197 creatures vanquished.

Notes
Turn   | Place    | Note
-------+----------+-------------------------------------------
     0 | D:1      | Daunt the Coglin Fighter began the quest for the Orb.
     0 | D:1      | Reached XP level 1. HP: 18/18 MP: 1/1
   165 | D:1      | Reached XP level 2. HP: 24/24 MP: 2/2
   400 | D:1      | Reached skill level 3 in Axes
   506 | D:1      | Reached XP level 3. HP: 29/29 MP: 3/3
   511 | D:1      | Got the Vellum of Malevolent Arts
   922 | D:2      | Reached skill level 4 in Axes
   971 | D:2      | Reached XP level 4. HP: 35/35 MP: 4/4
  1820 | D:3      | Reached skill level 5 in Axes
  1841 | D:3      | Reached XP level 5. HP: 32/36 MP: 5/5
  2153 | D:3      | Identified the amulet "Cosaim" {Reflect rF- Dex+5 SH+5}
  2321 | D:3      | Found a basalt altar of Yredelemnul.
  2437 | D:4      | Found Duz Kir's Distillery.
  2451 | D:4      | Reached skill level 6 in Axes
  2477 | D:4      | Bought a potion of curing for 33 gold pieces
  2477 | D:4      | Bought a potion of degeneration for 11 gold pieces
  2477 | D:4      | Bought a potion of enlightenment for 55 gold pieces
  2477 | D:4      | Bought a potion of invisibility for 88 gold pieces
  2608 | D:4      | Reached XP level 6. HP: 25/47 MP: 6/6
  2706 | D:4      | Found a large runed translucent door.
  2706 | D:4      | Found a large runed translucent door.
  2711 | D:4      | Found a corrupted altar of Lugonu.
  2727 | D:4      | Found a runed translucent door.
  2727 | D:4      | Noticed Lemonizer's ghost (amateur CoHs)
  3178 | D:4      | Noticed an ice beast
  3193 | D:4      | Killed an ice beast
  3194 | D:4      | Reached skill level 7 in Axes
  3194 | D:4      | Reached XP level 7. HP: 52/52 MP: 7/7
  3229 | D:4      | Found a one-way gate to the infinite horrors of the Abyss.
  3273 | D:5      | Entered Level 5 of the Dungeon
  3614 | D:5      | Reached skill level 8 in Axes
  3763 | D:5      | Reached skill level 9 in Axes
  3763 | D:5      | Reached XP level 8. HP: 58/58 MP: 8/8
  3983 | D:5      | Noticed Ijyb
  3997 | D:5      | Killed Ijyb
  4655 | D:6      | Noticed a wyvern
  4671 | D:6      | Killed a wyvern
  4672 | D:6      | Reached skill level 10 in Axes
  4672 | D:6      | Reached skill level 1 in Dodging
  4959 | D:6      | Reached XP level 9. HP: 61/66 MP: 9/9
  5524 | D:6      | Reached skill level 5 in Fighting
  5732 | D:6      | Reached skill level 11 in Axes
  5852 | D:7      | Reached skill level 1 in Evocations
  6099 | D:7      | Found a staircase to the Ecumenical Temple.
  6108 | Temple   | Entered the Ecumenical Temple
  6127 | Temple   | Became a worshipper of the Wu Jian Council
  6633 | D:8      | Reached XP level 10. HP: 62/74 MP: 10/10
  6686 | D:8      | Found a runed translucent gate.
  6686 | D:8      | Found a runed translucent gate.
  6686 | D:8      | Found a runed translucent gate.
  6703 | D:7      | HP: 3/75 [wyvern (9)]
  6705 | D:7      | Slain by a wyvern

Illustrated notes

Levels and vault maps discovered:
D:1:      heliophobic_arrival_enchanted_forest, layout_basic
D:2:      layout_loops_ring
D:3:      layout_rooms, nicolae_yredelemnul_corpse_copse,
          minmay_misc_feat_more_columns, reono_crystal_passage, chequers_avenue,
          kennysheep_cluttered_room, minmay_fractal_squares_diagonal_5
D:4:      due_chaos_kobolds, layout_basic, serial_shops, shop,
          hellmonk_ghost_happy_afterlife
D:5:      minmay_chambers_of_threes, layout_basic, uniq_ijyb
D:6:      corexii_shack_village, layout_basic, minivault_25
D:7:      layout_cave_pools, minmay_temple_entry_junction, sigmund_army
D:8:      minmay_skewed_foursquare, layout_loops_ring, serial_shops, shop,
          kennysheep_little_box, gammafunk_ghost_cemetery,
          nicolae_looking_at_the_future
Temple:   compressed_dpeg_triangle_lava_temple

Skill      XL: |  1  2  3  4  5  6  7  8  9 |
---------------+----------------------------+-----
Axes           | 3 4 5 6 7 9 10 11 | 11.6
Fighting       | 4 5 |  5.9
Armour         | 3 4 |  4.2
Dodging        | 1 |  1.3
Evocations     | 4 |  4.9
Shields        | |  2.1

Action                     |  1- 3 |  4- 6 |  7- 9 | 10-12 || total
---------------------------+-------+-------+-------+-------++-------
  Melee: War axe           |    66 |   160 |   415 |    10 ||   651
         Dagger            |    59 |    93 |       |       ||   152
         Broad axe         |       |       |    56 |    10 ||    66
  Throw: Stone             |       |     3 |       |       ||     3
Ability: Lunge             |       |       |     6 |       ||     6
  Evoke: Wand              |       |       |     1 |       ||     1
    Use: Scroll            |       |       |     5 |       ||     5
   Stab: Paralysed         |       |       |     7 |       ||     7
 Armour: Scale mail        |    66 |    37 |       |       ||   103
         Chain mail        |       |    48 |   173 |    13 ||   234
         Plate armour      |       |       |    29 |       ||    29
  Dodge: Dodged            |    35 |    57 |    74 |     9 ||   175
  Block: Buckler           |     1 |       |       |       ||     1

Table legend: (Time is in decaauts)
 A = Elapsed time spent in this place.
 B = Non-inter-level travel time spent in this place.
 C = Inter-level travel time spent in this place.
 D = Time resting spent in this place.
 E = Time spent auto-exploring this place.
 F = Levels seen in this place.
 G = Mean time per level.
                   A        B        C        D        E       F      G
               +--------+--------+--------+--------+--------+-----+--------+
         Total |   6746 |   6337 |    409 |     84 |   4663 |   9 |  749.6 |
       Dungeon |   6707 |   6334 |    373 |     84 |   4663 |   8 |  838.4 |
        Temple |     38 |      2 |     36 |      0 |      0 |   1 |   38.0 |
               +--------+--------+--------+--------+--------+-----+--------+

Top non-repeatable levels by time:
     D:5: 1299 daAuts
     D:6: 1090 daAuts
     D:3: 915 daAuts
     D:4: 874 daAuts
     D:7: 836 daAuts
     D:1: 782 daAuts
     D:2: 735 daAuts
     D:8: 173 daAuts
  Temple: 38 daAuts
